 Dungeon Crawl Stone Soup version 0.29-a0-878-g7b45a56547 (webtiles) character file.

Game seed: 13558665807194091580

88 27snakeeyes612 the Magician (level 4, 0/24 HPs)
             Began as a Deep Elf Air Elementalist on July 20, 2022.
             Slain by an orc priest
             ... wielding a +0 mace
              (6 damage)
             ... on level 3 of the Dungeon.
             The game lasted 00:01:48 (3012 turns).

27snakeeyes612 the Magician (DEAE)                  Turns: 3012, Time: 00:01:49

Health: 0/24       AC:  4    Str: 11    XL:     4   Next: 30%
Magic:  3/11       EV: 13    Int: 22    God:
Gold:   119        SH:  0    Dex: 15    Spells: 9/10 levels left

rFire   . . .      SeeInvis .   k - +1 whip
rCold   . . .      Faith    +   (no shield)
rNeg    . . .      Spirit   .   a - +0 robe
rPois   .          Reflect  .   (no helmet)
rElec   .          Harm     .   c - +0 cloak
rCorr   .          Rampage  .   (no gloves)
Will    .....                   t - +0 pair of boots
Stlth   ++........              h - amulet of faith
HPRegen 0.08/turn               l - +6 ring of strength
MPRegen 0.12/turn               (no ring)

@: no status effects
A: no striking features
a: no special abilities


You were on level 3 of the Dungeon.
You visited 1 branch of the dungeon, and saw 3 of its levels.

You collected 119 gold pieces.

Inventory:

Hand Weapons
 k - a +1 whip (weapon)
Armour
 a - a +0 robe (worn)
 c - a +0 cloak (worn)
 t - a +0 pair of boots (worn)
Jewellery
 h - an amulet of faith (around neck)
 l - a +6 ring of strength (left hand)
Scrolls
 m - a scroll of blinking
 o - a scroll of teleportation
 p - a scroll of enchant armour
Potions
 b - a potion of magic
 e - a potion of degeneration {unknown}
 f - a potion of ambrosia {unknown}
 j - a potion of brilliance {unknown}
 n - a potion of curing {unknown}


   Skills:
 + Level 3.2 Dodging
 + Level 3.4 Stealth
 + Level 3.8 Spellcasting
 + Level 2.1 Conjurations
 + Level 3.5 Air Magic


You had 9 spell levels left.
You knew the following spells:

 Your Spells              Type           Power      Damage    Failure   Level
a - Shock                 Conj/Air       64%        1d7       3%          1

Your spell library contained the following spells:

 Spells                   Type           Power      Damage    Failure   Level
 Static Discharge         Conj/Air       16%        3-5/arc   5%          2
 Swiftness                Air            19%        N/A       9%          3
 Airstrike                Air            9%         0-4+      26%         4


Dungeon Overview and Level Annotations

Branches:
Dungeon (3/15)

Altars:

Shops:
D:2 !   D:3 (


Message History

The zap hits the orc.
You kill the orc!
A ball python comes into view.
An orc priest comes into view. It is wielding a +0 mace.
The zap hits the orc.
You kill the orc!
The ball python hisses angrily.
The zap misses the orc priest.
The zap misses the orc priest.
The orc priest invokes the aid of Beogh against you.
Beogh smites you!
Ouch! That really hurt!
Aiming: Shock (safe; 3% risk of failure)
Press: ? - help, Q - select action Shift-Dir - straight line, f/p - orc priest
Aim: an orc priest, wielding a +0 mace and wearing a +0 leather armour (71% to hit)
The zap misses the ball python.
The zap misses the orc priest.
Aiming: Shock (safe; 3% risk of failure)
Press: ? - help, Q - select action Shift-Dir - straight line, f/p - orc priest
Aim: an orc priest, wielding a +0 mace and wearing a +0 leather armour (71% to hit)
The zap hits the ball python.
The ball python is moderately wounded.
The zap hits the orc priest.
The orc priest is lightly wounded.
The ball python bites you.
* * * LOW HITPOINT WARNING * * *
The ball python grabs you. The ball python constricts you.
* * * LOW HITPOINT WARNING * * *
Aiming: Shock (safe; 3% risk of failure)
Press: ? - help, Q - select action Shift-Dir - straight line, f/p - orc priest
Aim: an orc priest, wielding a +0 mace and wearing a +0 leather armour (lightly wounded, 71% to hit)
The zap hits the ball python.
You kill the ball python!
The zap hits the orc priest.
The orc priest is heavily wounded.
Aiming: Shock (safe; 3% risk of failure)
Press: ? - help, Q - select action Shift-Dir - straight line, f/p - orc priest
Aim: an orc priest, wielding a +0 mace and wearing a +0 leather armour (heavily wounded, 71% to hit)
The zap misses the orc priest.
The orc priest hits you with a +0 mace.
You die...

#<# # #.# .##
#.# .... #∩#
####..... #.#
#...So).. #.#
#.##..).. #
#'# ######.#
... #.###.#
#....o.# #
#.....#
#...@..#
####.##
#......#
##.####.....##
#..##.......#
#.###.#######
#[###.....#
#.##..###..#
#.#..## ...
#...## .


You could see an orc priest.

Vanquished Creatures
  3 adders (D:2)
  A worm (D:2)
  4 dart slugs
  2 orcs (D:3)
  5 ball pythons
  7 bats
  7 endoplasms
  A giant cockroach (D:2)
  3 goblins
  2 hobgoblins (D:1)
  4 quokkas
  4 kobolds
  3 rats
46 creatures vanquished.

Notes
Turn   | Place    | Note
-------+----------+-------------------------------------------
     0 | D:1      | 27snakeeyes612 the Deep Elf Air Elementalist began the
                  | quest for the Orb.
     0 | D:1      | Reached XP level 1. HP: 10/10 MP: 6/6
   434 | D:1      | Reached XP level 2. HP: 15/15 MP: 4/8
   490 | D:1      | Found a faded altar of an unknown god.
  1660 | D:2      | Reached XP level 3. HP: 19/19 MP: 7/9
  2125 | D:2      | Found Edampemyc's Distillery.
  2180 | D:2      | Reached XP level 4. HP: 13/24 MP: 1/11
  2830 | D:3      | Found Jesonuth's Weapon Shop.
  3012 | D:3      | Slain by an orc priest

Illustrated notes

Levels and vault maps discovered:
D:1:      dpeg_arrival_rhombus, layout_loops_corners,
          chequers_ecumenical_altar_lobes, kennysheep_minor_cross,
          minmay_tetromino_s2
D:2:      layout_loops_ring, serial_shops, shop, minmay_tall_x
D:3:      layout_loops_cross, gammafunk_temple_overflow_claw,
          nemelex_spade_bored_becter, serial_shops, nicolae_shop_hallway_stairs,
          nicolae_shop_behind_doors, shop, gup_sewer_entry_bowl

Skill      XL: |  1  2  3 |
---------------+----------+-----
Stealth        | 3 |  3.4
Dodging        | 3 |  3.2
Conjurations   | 2 |  2.1
Spellcasting   | |  3.8
Air Magic      | |  3.5

Action                   |  1- 3 |  4- 6 || total
-------------------------+-------+-------++-------
Melee: Whip              |     2 |       ||     2
 Cast: Shock             |    78 |    23 ||   101
  Use: Scroll            |       |     8 ||     8
Armor: Robe              |     4 |       ||     4
Dodge: Dodged            |    10 |       ||    10

Table legend: (Time is in decaauts)
 A = Elapsed time spent in this place.
 B = Non-inter-level travel time spent in this place.
 C = Inter-level travel time spent in this place.
 D = Time resting spent in this place.
 E = Time spent auto-exploring this place.
 F = Levels seen in this place.
 G = Mean time per level.
                   A        B        C        D        E       F      G
               +--------+--------+--------+--------+--------+-----+--------+
         Total |   3010 |   2881 |    129 |     45 |   2623 |   3 | 1003.3 |
       Dungeon |   3010 |   2881 |    129 |     45 |   2623 |   3 | 1003.3 |
               +--------+--------+--------+--------+--------+-----+--------+

Top non-repeatable levels by time:
     D:1: 1657 daAuts
     D:2: 1171 daAuts
     D:3: 181 daAuts
